| TOP OF THE 1ST |
|
West Virginia Black Bears batting - Pitching for Auburn Doubledays : RHP Carlos Perez
|
|
Pitching: RHP Carlos Perez
|
|
|
Batting: RHB Ryan LeSueur
|
0-0: Ball 1-0: Ball 2-0: Called Strike 2-1: Foul Ball, location: 2F 2-2: Strikes out swinging
|
|
Batting: RHB Edwardo Tanchez
|
0-0: Called Strike 0-1: Ground out 4-3 (Groundball, 4, EV 100.6 MPH)
|
|
Batting: RHB Randy Bergman
|
0-0: Called Strike 0-1: Ball 1-1: Swinging Strike 1-2: Strikes out swinging
|
| Top of the 1st over - 0 runs, 0 hits, 0 errors, 0 left on base; West Virginia 0 - Auburn 0 |
| BOTTOM OF THE 1ST |
|
Auburn Doubledays batting - Pitching for West Virginia Black Bears : RHP Jason Kaufman
|
|
Pitching: RHP Jason Kaufman
|
|
|
Batting: RHB Victor Rojas
|
0-0: Ball 1-0: Called Strike 1-1: Swinging Strike 1-2: Ball 2-2: Fly out, F8 (Flyball, 78S, EV 87.5 MPH)
|
|
Batting: RHB Joe Simmelink
|
0-0: Foul Ball, location: 2F 0-1: Foul Ball, location: 2F 0-2: Ball 1-2: Foul Ball, location: 2F 1-2: Ball 2-2: Foul Ball, location: 2F 2-2: Strikes out looking
|
|
Batting: RHB Luis Vargas
|
0-0: Ball 1-0: Called Strike 1-1: SINGLE (Line Drive, 89S, EV 88.8 MPH)
|
|
Batting: RHB Kenny Ball
|
0-0: Swinging Strike 0-1: Called Strike 0-2: Strikes out looking
|
| Bottom of the 1st over - 0 runs, 1 hit, 0 errors, 1 left on base; West Virginia 0 - Auburn 0 |
| TOP OF THE 2ND |
|
West Virginia Black Bears batting - Pitching for Auburn Doubledays : RHP Carlos Perez
|
|
Batting: RHB Mike Weeks
|
0-0: Foul Ball, location: 2F 0-1: SINGLE (Groundball, 4MD, EV 101.9 MPH)
|
|
Batting: LHB Sun-wei Kuai
|
0-0: Called Strike 0-1: Ball 1-1: Swinging Strike 1-2: Ball 2-2: Foul Ball, location: 2F 2-2: Fielders Choice at 2nd, 4-6 (Groundball, 4, EV 75.6 MPH)
|
|
Batting: SHB Nathan Clement
|
0-0: Called Strike 0-1: Ball 1-1: Foul Ball, location: 2F 1-2: Strikes out looking
|
|
Batting: RHB Erik Mulligan
|
0-0: Swinging Strike 0-1: Foul Ball, location: 2F 0-2: Ball Sun-wei Kuai is caught stealing 2nd base 2-4
|
| Top of the 2nd over - 0 runs, 1 hit, 0 errors, 0 left on base; West Virginia 0 - Auburn 0 |
| BOTTOM OF THE 2ND |
|
Auburn Doubledays batting - Pitching for West Virginia Black Bears : RHP Jason Kaufman
|
|
Batting: RHB Qian Tai
|
0-0: Foul Ball, location: 2F 0-1: Ball 1-1: Ball 2-1: Called Strike 2-2: Strikes out swinging
|
|
Batting: RHB Alex Martinez
|
0-0: SINGLE (Line Drive, 56, EV 98.1 MPH)
|
|
Batting: RHB Charlie Iacovone
|
0-0: Ball 1-0: Called Strike 1-1: Foul Ball, location: 2F 1-2: SINGLE (Groundball, 6MD, EV 107.5 MPH) Alex Martinez to second
|
|
Batting: LHB Tony Olvera
|
0-0: SINGLE (Groundball, 34D, EV 96.2 MPH) Alex Martinez to third Charlie Iacovone to second
|
|
Batting: RHB Jorge Torres
|
0-0: Called Strike 0-1: Swinging Strike 0-2: Strikes out swinging
|
|
Batting: RHB Victor Rojas
|
0-0: Swinging Strike 0-1: Ground out 6-3 (Groundball, 56D, EV 105.6 MPH)
|
| Bottom of the 2nd over - 0 runs, 3 hits, 0 errors, 3 left on base; West Virginia 0 - Auburn 0 |
| TOP OF THE 3RD |
|
West Virginia Black Bears batting - Pitching for Auburn Doubledays : RHP Carlos Perez
|
|
Batting: RHB Erik Mulligan
|
0-0: Called Strike 0-1: Ball 1-1: Ball 2-1: Ball 3-1: Foul Ball, location: 2F 3-2: Strikes out swinging
|
|
Batting: RHB Francisco Santos
|
0-0: Called Strike 0-1: Foul Ball, location: 2F 0-2: Strikes out swinging
|
|
Batting: LHB Damien Cohen
|
0-0: Ball 1-0: Called Strike 1-1: Ball 2-1: Foul Ball, location: 2F 2-2: Ground out 4-3 (Groundball, 4, EV 83.8 MPH)
|
| Top of the 3rd over - 0 runs, 0 hits, 0 errors, 0 left on base; West Virginia 0 - Auburn 0 |
| BOTTOM OF THE 3RD |
|
Auburn Doubledays batting - Pitching for West Virginia Black Bears : RHP Jason Kaufman
|
|
Batting: RHB Joe Simmelink
|
0-0: Ball 1-0: Called Strike 1-1: Swinging Strike 1-2: Ball 2-2: Ball 3-2: Foul Ball, location: 2F 3-2: Fly out, F4 (Line Drive, 4, EV 67.5 MPH)
|
|
Batting: RHB Luis Vargas
|
0-0: Called Strike 0-1: Called Strike 0-2: Ground out 5-3 (Groundball, 5S, EV 87.5 MPH)
|
|
Batting: RHB Kenny Ball
|
0-0: Called Strike 0-1: Ball 1-1: SINGLE (Groundball, 4MD, EV 97.5 MPH)
|
|
Batting: RHB Qian Tai
|
0-0: Swinging Strike 0-1: Called Strike 0-2: Strikes out swinging
|
| Bottom of the 3rd over - 0 runs, 1 hit, 0 errors, 1 left on base; West Virginia 0 - Auburn 0 |
| TOP OF THE 4TH |
|
West Virginia Black Bears batting - Pitching for Auburn Doubledays : RHP Carlos Perez
|
|
Batting: RHB Ryan LeSueur
|
0-0: SINGLE (Line Drive, 6M, EV 103.8 MPH)
|
|
Batting: RHB Edwardo Tanchez
|
0-0: Called Strike Ryan LeSueur steals 2nd base 0-1: Called Strike 0-2: Ground out U3 (Groundball, 3L, EV 101.2 MPH) Ryan LeSueur to third
|
|
Batting: RHB Randy Bergman
|
0-0: Called Strike 0-1: Swinging Strike 0-2: Foul Ball, location: 2F 0-2: Ball 1-2: Ball Passed Ball! Ryan LeSueur scores 2-2: Strikes out swinging
|
|
Batting: RHB Mike Weeks
|
0-0: Called Strike 0-1: Ball 1-1: Foul Ball, location: 2F 1-2: Foul Ball, location: 2F 1-2: Strikes out looking
|
| Top of the 4th over - 1 run, 1 hit, 0 errors, 0 left on base; West Virginia 1 - Auburn 0 |
| BOTTOM OF THE 4TH |
|
Auburn Doubledays batting - Pitching for West Virginia Black Bears : RHP Jason Kaufman
|
|
Batting: RHB Alex Martinez
|
0-0: Ball 1-0: Swinging Strike 1-1: Ball 2-1: Foul Ball, location: 2F 2-2: Ball 3-2: Base on Balls
|
|
Batting: RHB Charlie Iacovone
|
0-0: Ball Alex Martinez steals 2nd base 1-0: SINGLE (Line Drive, 4M, EV 95.6 MPH) Alex Martinez to third
|
|
Batting: LHB Tony Olvera
|
0-0: Ball 1-0: Fielders Choice at 2nd, 6-4 (Groundball, 6, EV 92.5 MPH) Alex Martinez scores
|
|
Batting: RHB Jorge Torres
|
0-0: Ball 1-0: Ball 2-0: Fly out, F3 (Line Drive, 3L, EV 72.5 MPH)
|
|
Batting: RHB Victor Rojas
|
0-0: Ball Tony Olvera steals 2nd, throwing error, E2 Tony Olvera to third 1-0: Fly out, F8 (Flyball, 8RD, EV 88.1 MPH)
|
| Bottom of the 4th over - 1 run, 1 hit, 1 error, 1 left on base; West Virginia 1 - Auburn 1 |
| TOP OF THE 5TH |
|
West Virginia Black Bears batting - Pitching for Auburn Doubledays : RHP Carlos Perez
|
|
Batting: LHB Sun-wei Kuai
|
0-0: Ball 1-0: Called Strike 1-1: Fly out, F9 (Flyball, 9, EV 88.8 MPH)
|
|
Batting: SHB Nathan Clement
|
0-0: Ball 1-0: Fly out, F8 (Flyball, 8LM, EV 79.4 MPH)
|
|
Batting: RHB Erik Mulligan
|
0-0: Ball 1-0: Ball 2-0: Foul Ball, location: 2F 2-1: Ball 3-1: Base on Balls
|
|
Batting: RHB Francisco Santos
|
0-0: Ball 1-0: Fielders Choice at 2nd, 6-4 (Groundball, 6, EV 86.2 MPH)
|
| Top of the 5th over - 0 runs, 0 hits, 0 errors, 1 left on base; West Virginia 1 - Auburn 1 |
| BOTTOM OF THE 5TH |
|
Auburn Doubledays batting - Pitching for West Virginia Black Bears : RHP Jason Kaufman
|
|
Batting: RHB Joe Simmelink
|
0-0: Swinging Strike 0-1: Ball 1-1: Ball 2-1: Foul Ball, location: 2F 2-2: Strikes out swinging
|
|
Batting: RHB Luis Vargas
|
0-0: Called Strike 0-1: Ball 1-1: Ball 2-1: Ground out 5-3 (Groundball, 56, EV 100.6 MPH)
|
|
Batting: RHB Kenny Ball
|
0-0: Ball 1-0: Swinging Strike 1-1: Foul Ball, location: 2F 1-2: Strikes out looking
|
| Bottom of the 5th over - 0 runs, 0 hits, 0 errors, 0 left on base; West Virginia 1 - Auburn 1 |
| TOP OF THE 6TH |
|
West Virginia Black Bears batting - Pitching for Auburn Doubledays : RHP Carlos Perez
|
|
Batting: LHB Damien Cohen
|
0-0: Swinging Strike 0-1: Called Strike 0-2: Ground out 1-3 (Groundball, 34S, EV 66.2 MPH)
|
|
Batting: RHB Ryan LeSueur
|
0-0: Called Strike 0-1: Called Strike 0-2: Ground out 5-3 (Groundball, 56S, EV 91.2 MPH)
|
|
Batting: RHB Edwardo Tanchez
|
0-0: Ball 1-0: Ground out 4-3 (Groundball, 4S, EV 84.4 MPH)
|
| Top of the 6th over - 0 runs, 0 hits, 0 errors, 0 left on base; West Virginia 1 - Auburn 1 |
| BOTTOM OF THE 6TH |
|
Auburn Doubledays batting - Pitching for West Virginia Black Bears : RHP Jason Kaufman
|
|
Pitching: LHP Francisco Mendoza
|
|
|
Batting: RHB Qian Tai
|
0-0: Swinging Strike 0-1: Swinging Strike 0-2: Ball 1-2: Strikes out swinging
|
|
Batting: RHB Alex Martinez
|
0-0: Called Strike 0-1: Ball 1-1: Ball 2-1: Ball 3-1: Swinging Strike 3-2: Ground out 6-3 (Groundball, 6, EV 81.9 MPH)
|
|
Batting: RHB Charlie Iacovone
|
0-0: Ball 1-0: SINGLE (Line Drive, 8LS, EV 102.5 MPH)
|
|
Batting: LHB Tony Olvera
|
0-0: Called Strike Charlie Iacovone is caught stealing 2nd base 2-6
|
| Bottom of the 6th over - 0 runs, 1 hit, 0 errors, 0 left on base; West Virginia 1 - Auburn 1 |
| TOP OF THE 7TH |
|
West Virginia Black Bears batting - Pitching for Auburn Doubledays : RHP Carlos Perez
|
|
Pitching: RHP Cheng-ho Tai
|
|
|
Batting: RHB Randy Bergman
|
0-0: Swinging Strike 0-1: Ball 1-1: Foul Ball, location: 2F 1-2: DOUBLE (Line Drive, 7LM, EV 113.8 MPH)
|
|
Batting: RHB Mike Weeks
|
0-0: Swinging Strike 0-1: Swinging Strike 0-2: Ball 1-2: Ball 2-2: Ball 3-2: Base on Balls
|
|
Batting: LHB Sun-wei Kuai
|
0-0: Foul Ball, location: 2F 0-1: Ball 1-1: Ball 2-1: Ball 3-1: Ground out 5-3 (Groundball, 56S, EV 69.4 MPH) Randy Bergman to third Mike Weeks to second
|
|
Batting: SHB Nathan Clement
|
0-0: Ball 1-0: Ball 2-0: Ball 3-0: Called Strike 3-1: Swinging Strike 3-2: Strikes out looking
|
|
Pinch Hitting: LHB Dave Cook
|
0-0: Ball 1-0: Swinging Strike 1-1: Ball Passed Ball! Randy Bergman scores Mike Weeks to third 2-1: Ground out 6-3 (Groundball, 4M, EV 93.1 MPH)
|
| Top of the 7th over - 1 run, 1 hit, 0 errors, 1 left on base; West Virginia 2 - Auburn 1 |
| BOTTOM OF THE 7TH |
|
Auburn Doubledays batting - Pitching for West Virginia Black Bears : LHP Francisco Mendoza
|
|
Now at 1B: Sun-wei Kuai
|
|
|
Now at 3B: Jason Rhodes
|
|
|
Now in RF: Jesse Haught
|
|
|
Batting: LHB Tony Olvera
|
0-0: Foul Ball, location: 2F 0-1: Ball 1-1: Ground out 4-3 (Groundball, 4, EV 81.9 MPH)
|
|
Batting: RHB Jorge Torres
|
0-0: Ball 1-0: Ball 2-0: Foul Ball, location: 2F 2-1: SINGLE (Line Drive, 7S, EV 100.0 MPH)
|
|
Batting: RHB Victor Rojas
|
0-0: Called Strike 0-1: Grounds into double play, 5-4-3 (Groundball, 5L, EV 100.6 MPH)
|
| Bottom of the 7th over - 0 runs, 1 hit, 0 errors, 0 left on base; West Virginia 2 - Auburn 1 |
| TOP OF THE 8TH |
|
West Virginia Black Bears batting - Pitching for Auburn Doubledays : RHP Cheng-ho Tai
|
|
Batting: RHB Francisco Santos
|
0-0: Called Strike 0-1: Ground out 6-3 (Groundball, 6, EV 81.2 MPH)
|
|
Batting: LHB Jesse Haught
|
0-0: Called Strike 0-1: Called Strike 0-2: SINGLE (Flyball, 9LS, EV 88.1 MPH)
|
|
Batting: RHB Ryan LeSueur
|
0-0: Called Strike 0-1: Ball 1-1: Ball 2-1: Ball 3-1: Fly out, F3 (Popup, 3F, EV 79.4 MPH)
|
|
Batting: RHB Edwardo Tanchez
|
0-0: Ball 1-0: Swinging Strike 1-1: Ball 2-1: Foul Ball, location: 2F 2-2: Foul Ball, location: 2F 2-2: Strikes out swinging
|
| Top of the 8th over - 0 runs, 1 hit, 0 errors, 1 left on base; West Virginia 2 - Auburn 1 |
| BOTTOM OF THE 8TH |
|
Auburn Doubledays batting - Pitching for West Virginia Black Bears : LHP Francisco Mendoza
|
|
Batting: RHB Joe Simmelink
|
0-0: Called Strike 0-1: Called Strike 0-2: Ball 1-2: Strikes out swinging
|
|
Batting: RHB Luis Vargas
|
0-0: Called Strike 0-1: Ball 1-1: Foul Ball, location: 2F 1-2: Ball 2-2: Ground out 5-3 (Groundball, 56, EV 83.8 MPH)
|
|
Batting: RHB Kenny Ball
|
0-0: Foul Ball, location: 2F 0-1: Called Strike 0-2: Fly out, F9 (Flyball, 9, EV 67.5 MPH)
|
| Bottom of the 8th over - 0 runs, 0 hits, 0 errors, 0 left on base; West Virginia 2 - Auburn 1 |
| TOP OF THE 9TH |
|
West Virginia Black Bears batting - Pitching for Auburn Doubledays : RHP Cheng-ho Tai
|
|
Batting: RHB Randy Bergman
|
0-0: Fly out, F9 (Flyball, 9, EV 80.6 MPH)
|
|
Batting: RHB Mike Weeks
|
0-0: Ball 1-0: Called Strike 1-1: Swinging Strike 1-2: Strikes out swinging
|
|
Batting: LHB Sun-wei Kuai
|
0-0: Called Strike 0-1: Ball 1-1: Called Strike 1-2: Ball 2-2: Ground out U3 (Groundball, 3, EV 108.1 MPH)
|
| Top of the 9th over - 0 runs, 0 hits, 0 errors, 0 left on base; West Virginia 2 - Auburn 1 |
| BOTTOM OF THE 9TH |
|
Auburn Doubledays batting - Pitching for West Virginia Black Bears : LHP Francisco Mendoza
|
|
Batting: RHB Qian Tai
|
0-0: Swinging Strike 0-1: Swinging Strike 0-2: Strikes out looking
|
|
Batting: RHB Alex Martinez
|
0-0: Swinging Strike 0-1: Foul Ball, location: 2F 0-2: Strikes out swinging
|
|
Pinch Hitting: LHB Mike Hamilton
|
0-0: Foul Ball, location: 2F 0-1: Ball 1-1: Ground out 4-3 (Groundball, 34D, EV 110.6 MPH)
|
| Bottom of the 9th over - 0 runs, 0 hits, 0 errors, 0 left on base; West Virginia 2 - Auburn 1 |
|